 Dungeon Crawl Stone Soup version 0.31-a0-543-geaa9c7a2c0 (webtiles) character file.

Game seed: 5177602591960183053

82 AdnanSaban the Trooper (level 4, 0/29 HPs)
             Began as a Gargoyle Fighter on Aug 15, 2023.
             Slain by Grinder (4 damage)
             ... while paralysed by Grinder
             ... on level 3 of the Dungeon.
             The game lasted 00:01:50 (2056 turns).

AdnanSaban the Trooper (Gargoyle Fighter)           Turns: 2056, Time: 00:01:50

Health: 0/29       AC: 11    Str: 21    XL:     4   Next: 43%
Magic:  4/4        EV:  2    Int:  9    God:
Gold:   146        SH:  0    Dex:  9    Spells: 3/3 levels left

rFire   . . .        a - +0 flail
rCold   . . .        c - +0 buckler
rNeg    + . .        b - +0 scale mail
rPois   ∞            (no helmet)
rElec   +            (no cloak)
rCorr   .            k - +0 pair of gloves
SInv    .            (no boots)
Will    .....        (no amulet) Stlth
                     (no ring)
HPRegen 0.24/turn    (no ring)
MPRegen 0.09/turn

%: no passive effects
@: paralysed
A: sickness immunity, AC +3, negative energy resistance 1, electricity
resistance, torment resistance 1, petrification resistance
a: no special abilities


You were on level 3 of the Dungeon.
You visited 1 branch of the dungeon, and saw 4 of its levels.

You collected 146 gold pieces.

Inventory:

Hand Weapons
 a - a +0 flail (weapon)
Armour
 b - a +0 scale mail (worn)
 c - a +0 buckler (worn)
 k - a +0 pair of gloves (worn)
Scrolls
 e - 2 scrolls of fog {unknown}
 f - a scroll of immolation {unknown}
 g - 2 scrolls of identify {unknown}
 l - a scroll of teleportation {unknown}
 n - a scroll of blinking {unknown}
Potions
 d - a potion of might
 h - 2 potions of haste {unknown}
 i - a potion of curing {unknown}
 j - a potion of enlightenment {unknown}
 m - 3 potions of heal wounds {unknown}
 o - 2 potions of mutation {unknown}


   Skills:
 + Level 4.1 Fighting
 + Level 2.7 Maces & Flails
 + Level 3.7 Armour
 + Level 0.8 Dodging
 + Level 3.8 Shields


You had 3 spell levels left.
You didn't know any spells.
Your spell library contained the following spells:

 Spells                   Type           Power      Damage    Failure   Level
 Freeze                   Ice            0%         1d3       80%         1
 Shock                    Conj/Air       0%         1d3       80%         1
 Frozen Ramparts          Ice            0%         1d1       99%         3
 Hailstorm                Conj/Ice       0%         3d3       99%         3
 Swiftness                Air            0%         N/A       99%         3
 Airstrike                Air            0%         2d(0-16)  100%        4


Dungeon Overview and Level Annotations

Branches:
Dungeon (4/15)
 Temple: D:4-7

Altars:
Qazlal

Shops:
D:2 *

Annotations:
D:3 Grinder, Pargi
D:4 Pikel


Innate Abilities, Weirdness & Mutations

You are immune to sickness and miasma.
Your stone body is resilient. (AC +3)
You are immune to poison.
You resist negative energy. (rN+)
You are resistant to electric shocks. (rElec)
You are resistant to unholy torment.
You are immune to petrification.


Message History

Grinder hits you.
You writhe in agony.
You are too injured to fight recklessly!
You are too injured to fight recklessly!
You are too injured to fight recklessly!
You are too injured to fight recklessly!
You are too injured to fight recklessly!
You are too injured to fight recklessly!
You are too injured to fight recklessly!
You are too injured to fight recklessly!
You are too injured to fight recklessly!
You are too injured to fight recklessly!
You are too injured to fight recklessly!
You are too injured to fight recklessly!
You are too injured to fight recklessly!
You are too injured to fight recklessly!
You are too injured to fight recklessly!
You are too injured to fight recklessly!
You closely miss Grinder.
Grinder is lightly wounded.
Grinder gestures at you. Pain shoots through your body!
You closely miss Grinder.
Grinder is lightly wounded.
Grinder blinks!
You closely miss Grinder.
Grinder is lightly wounded.
Grinder barely misses you. Grinder completely misses you.
You hit Grinder.
Grinder is moderately wounded.
Grinder hits you but does no damage.
You sock Grinder!
Grinder is heavily wounded.
Grinder hits you.
You writhe in agony.
You barely miss Grinder.
Grinder is heavily wounded.
Grinder gestures at you.
You suddenly lose the ability to move!
Grinder hits you!
* * * LOW HITPOINT WARNING * * *
Grinder hits you.
You die...

## #.###.#.# ####.
#.......#
.....####.###.#.#
#.......[.....
####.....###....
..#.###.###....
.#.#######.#.#.###......
........##.#...# #.#.#.#
#@5....#.# #.#.#.#
####.....# #.#.#.#
#.#.......#...#
###..########## ..... .
##.### # ##


You could see Grinder.

Vanquished Creatures
  An adder (D:3)
  An ufetubus (D:3)
  A worm (D:3)
  3 dart slugs
  2 orcs (D:3)
  7 ball pythons
  4 endoplasms
  A giant cockroach (D:3)
  3 goblins
  8 hobgoblins
  4 jackals (D:1)
  5 kobolds
  A quokka (D:2)
  5 bats
  3 frilled lizards
  2 rats
51 creatures vanquished.

Notes
Turn   | Place    | Note
-------+----------+-------------------------------------------
     0 | D:1      | AdnanSaban the Gargoyle Fighter began the quest for the
                  | Orb.
     0 | D:1      | Reached XP level 1. HP: 14/14 MP: 1/1
   136 | D:1      | Reached XP level 2. HP: 20/20 MP: 2/2
   515 | D:1      | Reached XP level 3. HP: 24/24 MP: 3/3
   553 | D:1      | Reached skill level 4 in Fighting
   807 | D:2      | Found Hiqyfir's Assorted Antiques.
  1307 | D:2      | Found a faded altar of an unknown god.
  1625 | D:3      | Reached XP level 4. HP: 28/29 MP: 4/4
  1667 | D:3      | Found a stormy altar of Qazlal.
  1717 | D:3      | Noticed Pargi
  1793 | D:4      | Noticed Pikel
  1797 | D:4      | Noticed a lemure
  1799 | D:4      | Noticed a lemure
  1800 | D:4      | Noticed a lemure
  1802 | D:4      | Noticed a lemure
  2042 | D:3      | Noticed Grinder
  2055 | D:3      | Paralysed by Grinder for 4 turns
  2056 | D:3      | Slain by Grinder

Illustrated notes

Levels and vault maps discovered:
D:1:      saegor_arrival_simple_b, layout_loops_ring
D:2:      layout_loops_ring, serial_shops, shop_fountains,
          shapermc_ecumenical_altar_starsandcircs, chequers_avenue
D:3:      layout_basic, lemuel_tele_altar, minmay_surrounded, uniq_sigmund,
          uniq_pargi, uniq_grinder
D:4:      layout_cave_pools, nicolae_take_the_stairs, serial_bayou_crossing,
          uniq_pikel

Skill      XL: |  1  2  3 |
---------------+----------+-----
Fighting       | 4 |  4.1
Maces & Flails | |  2.7
Armour         | |  3.7
Dodging        | |  0.8
Shields        | |  3.8

Action                     |  1- 3 |  4- 6 || total
---------------------------+-------+-------++-------
  Melee: Flail             |   118 |    37 ||   155
 Armour: Scale mail        |    64 |    31 ||    95
  Dodge: Dodged            |    45 |    27 ||    72
  Block: Buckler           |    23 |    20 ||    43

Table legend: (Time is in decaauts)
 A = Elapsed time spent in this place.
 B = Non-inter-level travel time spent in this place.
 C = Inter-level travel time spent in this place.
 D = Time resting spent in this place.
 E = Time spent auto-exploring this place.
 F = Levels seen in this place.
 G = Mean time per level.
                   A        B        C        D        E       F      G
               +--------+--------+--------+--------+--------+-----+--------+
         Total |   2105 |   1977 |    128 |     55 |   1500 |   4 |  526.2 |
       Dungeon |   2105 |   1977 |    128 |     55 |   1500 |   4 |  526.2 |
               +--------+--------+--------+--------+--------+-----+--------+

Top non-repeatable levels by time:
     D:2: 849 daAuts
     D:1: 743 daAuts
     D:3: 428 daAuts
     D:4: 85 daAuts
